AoeStats
← hairy

Coastal Forest

510613785Analyzed
2v2 RM · 2d ago on Oct 1, 2026· 74m 10s· 4 players
Game mode
Random Map
Map size
Medium (4 player)
Population
200
Speed
Normal
Resources
Standard
Victory
Conquest
Starting age
Dark Age
Ending age
Imperial Age
RankedLock teamsTeams togetherTeam positionsShared explorationLock speedFull tech treeHidden civsTurbo modeCheats
Victory
Defeat
🇪🇸 Magyars · Spain
1128
+11
🇪🇸 Armenians · Spain
991
+17
🇬🇧 Poles · United Kingdom
1022
-14
🇬🇧 Britons · United Kingdom
1019
-14
hairy
10:08 Feudal Age
10:46 Double-Bit Axe
13:12 Bloodlines
15:22 Loom
16:32 Scale Barding Armor
17:05 Horse Collar
20:08 Castle Age
18:35 Forging
20:03 Wheelbarrow
19:09 Horse Collar
25:03 Fletching
26:49 Chain Barding Armor
27:05 Iron Casting
30:49 Scale Mail Armor
32:16 Town Watch
32:47 Hand Cart
32:44 Bow Saw
32:37 Heavy Plow
35:31 Chain Mail Armor
35:29 Husbandry
43:07 Imperial Age
42:15 Szlachta Privileges
44:35 Conscription
51:17 Chemistry
50:29 Town Patrol
51:59 Cavalier
53:40 Blast Furnace
72:03 Caravan
Matt / Berners
8:03 Loom
12:29 Feudal Age
13:37 Double-Bit Axe
17:05 Horse Collar
22:59 Castle Age
21:30 Arson
21:54 Scale Mail Armor
22:04 Forging
23:57 Bow Saw
25:23 Gold Mining
24:55 Crossbowman
27:00 Heavy Plow
27:13 Fletching
29:10 Bodkin Arrow
29:16 Padded Archer Armor
31:23 Yeomen
31:29 Yeomen
32:32 Wheelbarrow
34:34 Gold Shaft Mining
36:02 Pikeman
37:23 Leather Archer Armor
37:24 Chain Mail Armor
37:46 Iron Casting
40:50 Ballistics
41:02 Hand Cart
44:34 Imperial Age
47:04 Arbalester
47:28 Capped Ram
51:50 Man-at-Arms
52:17 Gambesons
54:34 Elite Skirmisher
58:02 Scale Barding Armor
57:19 Light Cavalry
58:00 Husbandry
61:38 Bracer
63:47 Chain Barding Armor
64:28 Blast Furnace
63:00 Long Swordsman
Le_Zeckah
10:45 Feudal Age
10:07 Loom
14:31 Castle Age
12:54 Horse Collar
20:58 Stone Mining
22:14 Wheelbarrow
22:37 Heavy Plow
25:34 Double-Bit Axe
27:43 Masonry
27:58 Murder Holes
31:00 Ballistics
31:13 Forging
31:04 Scale Mail Armor
31:57 Hand Cart
32:44 Bow Saw
32:49 Treadmill Crane
33:55 Town Watch
35:06 Iron Casting
35:16 Chain Mail Armor
36:32 Fletching
41:53 Imperial Age
42:11 Bodkin Arrow
43:16 Conscription
43:17 Bracer
45:07 Hoardings
45:03 Padded Archer Armor
49:20 Blast Furnace
49:57 Leather Archer Armor
50:42 Plate Mail Armor
50:23 Elite Skirmisher
51:31 Fortified Wall
57:21 Gold Mining
58:48 Ring Archer Armor
66:04 Pikeman
66:45 Squires
66:31 Arson
68:14 Halberdier
68:40 Gambesons
68:17 Man-at-Arms
69:58 Town Patrol
71:11 Long Swordsman
72:57 Caravan
73:27 Coinage
73:08 Guilds
Mini Zacarias
11:06 Feudal Age
13:09 Bloodlines
13:07 Horse Collar
14:14 Double-Bit Axe
17:50 Loom
20:29 Scale Mail Armor
23:43 Wheelbarrow
25:39 Castle Age
26:48 Pikeman
28:38 Hand Cart
28:32 Husbandry
29:09 Bow Saw
30:35 Chain Mail Armor
41:51 Imperial Age
40:19 Scale Barding Armor
43:10 Fletching
43:21 Padded Archer Armor
44:07 Parthian Tactics
44:35 Ballistics
45:15 Chemistry
44:52 Heavy Cavalry Archer
47:06 Bodkin Arrow
47:26 Leather Archer Armor
47:06 Light Cavalry
47:53 Hussar
48:51 Bracer
49:22 Ring Archer Armor
48:57 Recurve Bow
50:11 Heavy Plow
52:02 Corvinian Army
55:58 Elite Magyar Huszar
66:38 Chain Barding Armor
67:56 Crop Rotation
71:09 Caravan
73:05 Conscription
73:41 Plate Barding Armor
Connection lost

Rejoining the realm…

Still unreachable

The connection could not be restored.

Session expired

The server has moved on; the page needs a fresh start.